 Dungeon Crawl Stone Soup version 0.21-a0-504-g2eda330 (webtiles) character file.

28 tof the Skirmisher (level 3, 27/29 HPs)
             Began as a Demonspawn Berserker on Nov 26, 2017.
             Was a Believer of Trog.
             Quit the game on level 1 of the Dungeon.
             The game lasted 00:01:28 (1165 turns).

tof the Skirmisher (Demonspawn Berserker)           Turns: 1165, Time: 00:01:28

Health: 27/29      AC:  4    Str: 17    XL:     3   Next: 0%
Magic:  3/3        EV: 13    Int:  8    God:    Trog [**....]
Gold:   28         SH:  0    Dex: 17    Spells: 2/2 levels left

rFire    . . .     SeeInvis .   a - +0 falchion
rCold    . . .     Gourm    .   (no shield)
rNeg     . . .     Faith    .   b - +0 animal skin
rPois    .         Spirit   .   (no helmet)
rElec    .         Reflect  .   (no cloak)
rCorr    .         Harm     .   (no gloves)
MR       .....                  (no boots)
Stlth    ++........             (no amulet)
HPRegen  0.09/turn              g - +4 ring of dexterity
MPRegen  0.08/turn              (no ring)

@: no status effects
A: claws 1, yellow scales 1
a: Berserk, Trog's Hand, Burn Spellbooks, Renounce Religion


You were on level 1 of the Dungeon.
You worshipped Trog.
Trog was pleased with you.
You were not hungry.

You visited 1 branch of the dungeon, and saw 1 of its levels.

You collected 28 gold pieces.

Inventory:

Hand Weapons
 a - a +0 falchion (weapon)
Armour
 b - a +0 animal skin (worn)
Jewellery
 g - a +4 ring of dexterity (left claw)
Scrolls
 d - a scroll of teleportation {unknown}
Potions
 e - a potion of berserk rage {unknown}
 f - 2 potions of heal wounds {unknown}
Comestibles
 c - a bread ration
 h - a chunk of flesh


   Skills:
 + Level 3.2 Fighting
 * Level 3.1 Long Blades
 + Level 2.1 Armour
 + Level 2.1 Dodging


You had 2 spell levels left.
You didn't know any spells.

Dungeon Overview and Level Annotations

Branches:
Dungeon (1/15)

Altars:


Innate Abilities, Weirdness & Mutations

You have sharp fingernails.
You are partially covered in yellow scales. (AC +2)


Message History

The hobgoblin is moderately wounded.
The hobgoblin completely misses you.
You closely miss the hobgoblin.
The hobgoblin is moderately wounded.
The hobgoblin barely misses you.
The hobgoblin hits you but does no damage.
You hit the hobgoblin.
You kill the hobgoblin!
Trog accepts your kill.
You have reached level 3!
Your experience leads to an increase in your attributes!
Your base attributes are Str 17, Int 8, Dex 12.
Increase (S)trength, (I)ntelligence, or (D)exterity?
You feel agile.
Your demonic ancestry asserts itself...
Your fingernails lengthen.
You see here a hobgoblin corpse.
You butcher the hobgoblin corpse.
h - a chunk of flesh You see here a hobgoblin skeleton.
Are you sure you want to abandon this character and quit the game? (Confirm with "yes".)

###..# .....# #. ##...#
#.# ##...# #.# ##...#
#.# .#...# #.#
.#...######## #.#
.#..........###.#######
................@.....#
................#######
#..#.######.###.##
...................
##...######.###.###
.....# #.# #.######
.....# #.# #......#
.....# #.# #..###.#
.....######.###..# #.#


There were no monsters in sight!

Vanquished Creatures
  2 giant cockroaches (D:1)
  A goblin (D:1)
  3 hobgoblins (D:1)
  8 kobolds (D:1)
  9 bats (D:1)
  2 frilled lizards (D:1)
  4 rats (D:1)
29 creatures vanquished.

Notes
Turn   | Place    | Note
-------+----------+-------------------------------------------
     0 | D:1      | tof the Demonspawn Berserker began the quest for the Orb.
     0 | D:1      | Reached XP level 1. HP: 18/18 MP: 1/1
   284 | D:1      | Gained mutation: You are partially covered in yellow scales. (AC +2) [demonic ancestry]
   284 | D:1      | Reached XP level 2. HP: 9/24 MP: 2/2
  1091 | D:1      | Reached ** piety under Trog
  1161 | D:1      | Gained mutation: You have sharp fingernails. [demonic ancestry]
  1161 | D:1      | Reached XP level 3. HP: 27/29 MP: 3/3
  1165 | D:1      | Quit the game

Vault maps used:
D:1:      dpeg_arrival_simpleton_c

Skill      XL: |  1  2 |
---------------+-------+-----
Armour         | 2 |  2.1
Dodging        | 2 |  2.1
Long Blades    | 3 |  3.1
Fighting       | |  3.2

Action                   || total
-------------------------++-------
Melee: Falchion          ||    91
  Eat: Chunk             ||     1
Armor: Animal skin       ||    28
Dodge: Dodged            ||    69
       Rpst.: Falchion   ||    19

Table legend:
 A = Spawn XP
 B = Non-spawn XP
 C = Spawn XP percentage of total XP
 D = Spawn monster count
 E = Non-spawn monster count
 F = Spawn count percentage of total count
 G = Total turns spent on level
                    A         B        C        D         E        F      G
               +---------+---------+-------+---------+---------+-------+---------
         Total |       0 |      41 |   0.0 |       0 |      29 |   0.0 |  1165
               +---------+---------+-------+---------+---------+-------+---------
           D:1 |       0 |      41 |   0.0 |       0 |      29 |   0.0 |  1165
               +---------+---------+-------+---------+---------+-------+---------
